Map: Abyssal Reef LE

Players

HateMe - Winner!

  • Race: Zerg Zerg
  • Spawn Location: 11:00

Stephano

  • Race: Zerg Zerg
  • Spawn Location: 5:00

Event: WCS Valencia 2017

VOD

Have the link to the VOD?

Description

Time

  • Played on: July 13, 2017, 2:02 p.m.
  • Length: 19:54

All games in this series

Show
View Real Time Build Order
Export as new Build Order

HateMe Zerg - Winner!

Build Orders: Hatch First 

Get SALT Encoding   

  12  0:02  Drone  
  13  0:15  Overlord  
  13  0:18  Drone  
  14  0:34  Drone  
  14  0:35  Drone  
  16  0:37  Drone  
  17  0:54  Hatchery  
  17  0:57  Drone  
  17  1:00  Drone  
  17  1:04  Extractor  
  17  1:15  Spawning Pool  
  16  1:18  Drone  
  16  1:21  Drone  
  18  1:31  Drone  
  19  1:42  Overlord  
  19  1:53  Drone  
  20  2:02  Queen  
  20  2:04  Metabolic Boost  
  20  2:06  Queen  
  20  2:07  Drone  
  25  2:11  Drone  
  27  2:15  Drone  
  27  2:17  Drone  
  28  2:25  Drone  
  28  2:27  Drone  
  30  2:40  Hatchery  
  30  2:43  Zergling x4  
  31  2:48  Zergling x2  
  31  2:50  Zergling x2  
  33  2:55  Baneling Nest  
  33  2:57  Zergling x2  
  33  3:01  Overlord  
  33  3:07  Drone  
  33  3:12  Drone  
  35  3:13  Drone  
  36  3:21  Overlord  
  36  3:22  Drone x4  
  40  3:29  Queen  
  42  3:39  Baneling x2  
  42  3:41  Drone x3  
  45  3:44  Drone x2  
  46  3:51  Overlord  
  46  3:53  Drone  
  46  3:54  Drone x3  
  50  3:58  Zergling x4  
  50  4:02  Evolution Chamber  
  51  4:04  Drone  
  51  4:05  Drone  
  53  4:10  Extractor  
  53  4:11  Drone  
  53  4:12  Drone  
  54  4:21  Roach Warren  
  54  4:23  Lair  
  54  4:24  Drone  
  54  4:27  Overlord  
  49  4:36  Zerg Missile Weapons Level 1  
  49  4:40  Drone x9  
  58  4:46  Overlord  
  58  4:49  Drone  
  58  4:50  Drone x3  
  58  4:51  Drone  
  63  4:53  Drone  
  63  4:56  Extractor  
  63  4:58  Extractor x2  
  63  4:59  Extractor  
  60  5:02  Roach x3  
  66  5:08  Zergling x4  
  66  5:10  Roach, Spine Crawler  
  66  5:11  Roach  
  71  5:17  Roach x3  
  71  5:21  Roach x2  
  81  5:25  Roach  
  80  5:29  Baneling x2  
  80  5:37  Overlord  
  80  5:40  Overlord x2  
  80  5:47  Overlord  
  80  5:48  Infestation Pit  
  79  5:56  Overlord  
  79  5:57  Glial Reconstitution  
  79  5:58  Drone  
  79  5:59  Drone x6  
  86  6:06  Overlord  
  86  6:08  Pneumatized Carapace  
  86  6:10  Drone  
  87  6:11  Hatchery  
  87  6:12  Drone  
  87  6:13  Drone  
  87  6:15  Drone  
  87  6:17  Drone  
  90  6:21  Drone x3  
  93  6:26  Drone x3  
  93  6:31  Infestor  
  93  6:32  Infestor  
  100  6:42  Infestor x2  
  100  6:44  Zerg Missile Weapons Level 2  
  104  6:48  Hatchery, Overlord  
  104  6:52  Burrow  
  104  6:53  Roach x2  
  107  6:56  Overlord  
  107  6:58  Roach  
  107  7:01  Roach x4  
  117  7:05  Roach x2  
  121  7:10  Drone x2  
  121  7:11  Drone x3  
  121  7:13  Extractor  
  121  7:15  Drone x3  
  127  7:18  Overlord  
  127  7:19  Extractor, Overlord  
  127  7:22  Roach  
  129  7:24  Roach  
  129  7:26  Roach  
  129  7:28  Roach  
  135  7:31  Roach x2  
  135  7:33  Overlord  
  135  7:35  Ravager x4  
  145  7:37  Roach  
  145  7:38  Ravager  
  146  7:45  Roach x4  
  146  7:46  Roach  
  156  7:52  Roach x4  
  156  7:55  Overlord  
  156  7:57  Overseer  
  164  7:58  Overseer  
  164  8:00  Roach  
  164  8:01  Roach  
  164  8:05  Roach x2  
  172  8:10  Overlord x2  
  172  8:11  Overlord  
  172  8:21  Ravager x3  
  175  8:30  Spine Crawler x2  
  175  8:31  Spine Crawler  
  175  8:32  Spine Crawler  
  175  8:33  Spine Crawler, Drone x3  
  175  8:34  Drone x2  
  175  8:36  Roach x2  
  175  8:40  Tunneling Claws  
  178  8:43  Roach x2  
  182  8:48  Overseer  
  182  8:52  Roach x2  
  182  8:53  Roach x2  
  182  8:55  Overlord  
  190  8:57  Roach x11  
  190  8:58  Roach x5, Overlord  
  190  9:04  Zerg Ground Armor Level 1  
  190  9:12  Spine Crawler x2  
  190  9:13  Spine Crawler  
  190  9:15  Spine Crawler  
  166  9:30  Roach x2  
  166  9:31  Roach x9  
  174  9:37  Roach x3  
  180  9:41  Roach  
  180  9:42  Roach x2  
  186  9:51  Roach x4  
  186  9:52  Roach  
  196  9:56  Hive  
  196  9:57  Ravager x3  
  199  10:14  Spire  
  198  10:26  Roach x24  
  187  10:37  Roach Warren  
  186  10:44  Spine Crawler  
  186  10:49  Spine Crawler  
  182  10:59  Drone x3  
  182  11:00  Drone x2  
  187  11:07  Zerg Missile Weapons Level 3  
  187  11:12  Hatchery  
  186  11:19  Roach x6  
  186  11:20  Roach  
  200  11:29  Roach  
  200  11:30  Roach x3  
  196  11:36  Roach x10  
  193  11:42  Pathogen Glands  
  193  11:43  Greater Spire  
  193  11:44  Roach  
  193  11:45  Roach x27  
  191  11:53  Overlord x3  
  167  12:20  Roach x14  
  167  12:21  Roach x6  
  156  12:32  Roach x6  
  166  12:37  Roach  
  166  12:42  Ravager  
  166  12:43  Ravager x8  
  168  12:48  Infestor x2  
  168  12:49  Infestor x2  
  176  12:53  Infestor x3  
  176  12:58  Corruptor x2  
  186  13:06  Corruptor x2  
  190  13:14  Overlord x2  
  190  13:30  Overseer  
  149  13:48  Roach  
  149  13:49  Roach x11  
  139  13:55  Roach  
  139  13:56  Roach x7  
  139  14:01  Roach  
  139  14:02  Roach x2  
  128  14:09  Roach  
  130  14:10  Roach x2  
  130  14:12  Roach  
  130  14:17  Roach x2  
  134  14:20  Roach x2  
  126  14:25  Roach x2  
  122  14:31  Brood Lord  
  122  14:32  Roach x13  
  122  14:36  Queen, Brood Lord  
  122  14:38  Overseer  
  120  14:44  Brood Lord  
  122  14:47  Brood Lord  
  124  14:57  Roach x4  
  132  15:03  Ravager x11  
  141  15:09  Roach x2  
  147  15:14  Roach x2  
  147  15:16  Roach  
  147  15:21  Infestor x2  
  151  15:27  Zerg Ground Armor Level 2  
  155  15:34  Infestor x2  
  159  15:39  Drone  
  159  15:40  Drone x4  
  154  16:26  Roach  
  154  16:27  Roach x5  
  160  16:35  Roach x3  
  160  16:36  Overlord x2  
  160  16:37  Overlord x2  
  160  16:51  Roach x6  
  166  16:56  Infestor x3  
  166  16:57  Corruptor x3  
  166  16:58  Corruptor x2, Roach x15  
  166  16:59  Infestor  
  166  17:00  Infestor x2  
  182  17:02  Ravager  
  182  17:03  Ravager x5  
  182  17:05  Roach x3  
  182  17:06  Overlord x2  
  182  17:07  Roach x9  
  182  17:08  Roach x7  
  194  17:11  Roach x2  
  176  17:28  Roach x8  
  169  17:38  Brood Lord  
  169  17:42  Extractor  
  169  17:43  Extractor, Brood Lord  
  171  17:53  Roach x16  
  171  17:55  Brood Lord  
  173  18:03  Brood Lord  
  175  18:19  Hatchery  
  174  18:21  Brood Lord  
  174  18:26  Roach x2  
  166  18:56  Overseer  
  166  18:57  Roach x3  
  166  18:58  Roach x5  
  180  19:14  Roach x2  
  180  19:15  Roach x3  
  188  19:26  Roach x2  
Show
View Real Time Build Order
Export as new Build Order

Stephano Zerg 

Build Orders: Hatch First 

Get SALT Encoding   

  12  0:00  Drone  
  13  0:12  Overlord  
  13  0:17  Drone  
  14  0:31  Drone x2  
  16  0:49  Hatchery  
  15  0:51  Drone  
  15  0:55  Drone  
  17  0:59  Extractor  
  16  1:11  Spawning Pool  
  16  1:14  Drone  
  16  1:19  Drone  
  16  1:21  Drone  
  18  1:30  Drone  
  19  1:48  Overlord  
  19  1:58  Queen  
  19  2:01  Queen  
  23  2:02  Metabolic Boost  
  23  2:04  Zergling x2  
  24  2:08  Zergling x2  
  24  2:11  Drone  
  26  2:18  Drone x2  
  28  2:23  Drone x2  
  30  2:33  Queen  
  30  2:34  Drone  
  33  2:43  Overlord  
  33  2:55  Hatchery  
  32  3:01  Baneling Nest  
  32  3:04  Drone  
  32  3:05  Drone  
  33  3:09  Zergling x2  
  33  3:10  Drone  
  35  3:14  Zergling x2  
  35  3:16  Drone  
  37  3:20  Zergling x2  
  37  3:23  Zergling x2  
  37  3:25  Zergling x2  
  40  3:29  Overlord  
  40  3:33  Drone x2  
  42  3:44  Baneling, Drone  
  42  3:45  Baneling x2  
  42  3:46  Drone  
  44  3:49  Drone x2  
  44  3:51  Drone  
  44  3:52  Drone  
  48  3:56  Drone x2  
  48  3:57  Evolution Chamber  
  49  4:05  Drone  
  49  4:08  Drone x2  
  49  4:09  Drone  
  53  4:12  Drone x2  
  54  4:18  Extractor  
  54  4:19  Extractor, Roach Warren  
  51  4:31  Zergling x8  
  52  4:34  Lair  
  54  4:38  Zerg Missile Weapons Level 1  
  54  4:41  Overlord  
  54  4:44  Drone x3  
  57  4:47  Baneling x2  
  57  4:50  Overlord x2  
  57  4:59  Baneling  
  57  5:00  Baneling  
  57  5:02  Drone x4  
  57  5:03  Drone  
  57  5:06  Drone x2  
  64  5:07  Drone  
  64  5:11  Drone x2  
  64  5:12  Drone  
  64  5:13  Drone x2  
  70  5:16  Extractor  
  69  5:24  Zergling x2  
  69  5:25  Zergling x8  
  69  5:33  Drone  
  69  5:34  Drone, Overlord  
  70  5:35  Drone  
  70  5:36  Glial Reconstitution, Drone  
  70  5:41  Extractor, Drone x3, Overlord  
  74  5:45  Drone x2  
  74  5:46  Overlord  
  76  6:00  Roach x5  
  76  6:02  Roach  
  87  6:04  Roach  
  87  6:05  Hatchery, Roach  
  87  6:07  Roach  
  87  6:09  Roach  
  94  6:12  Roach x2  
  94  6:14  Roach  
  94  6:17  Overlord  
  100  6:21  Overlord  
  100  6:31  Roach  
  100  6:32  Roach  
  104  6:39  Roach  
  111  6:40  Roach x9  
  111  6:43  Roach  
  111  6:44  Overlord  
  111  6:46  Zerg Missile Weapons Level 2  
  120  6:53  Overlord x2  
  120  6:57  Ravager  
  121  7:02  Overlord x2  
  121  7:04  Roach x4  
  121  7:07  Overlord  
  129  7:11  Extractor  
  129  7:12  Drone x2  
  129  7:13  Drone  
  131  7:16  Drone x2  
  131  7:18  Ravager x4  
  131  7:19  Roach x3  
  131  7:22  Roach x2  
  147  7:24  Roach  
  147  7:26  Roach  
  147  7:29  Burrow  
  151  7:31  Tunneling Claws  
  151  7:36  Pneumatized Carapace  
  151  7:40  Drone x2  
  151  7:41  Drone x3  
  151  7:42  Overlord  
  158  7:44  Roach  
  158  7:45  Roach  
  160  7:53  Overseer  
  160  7:54  Overseer  
  160  7:55  Overlord  
  160  7:56  Overlord  
  160  7:57  Roach x3  
  166  8:02  Roach  
  166  8:03  Roach x2  
  172  8:11  Roach x5  
  182  8:13  Overlord  
  182  8:26  Spine Crawler  
  181  8:27  Roach x3  
  187  8:36  Roach x5  
  187  8:40  Spine Crawler x2  
  195  8:45  Roach  
  195  8:46  Roach  
  199  8:53  Roach x15  
  199  9:02  Zerg Ground Armor Level 1, Hydralisk Den  
  198  9:22  Roach x20  
  180  9:28  Roach x12  
  186  9:40  Roach x3  
  186  9:44  Roach x11  
  186  9:45  Muscular Augments, Overlord x2  
  192  9:57  Roach x16  
  186  10:11  Roach  
  186  10:12  Roach x6  
  196  10:17  Roach  
  196  10:19  Roach x3  
  196  10:20  Roach  
  194  10:21  Roach  
  194  10:25  Roach x11  
  194  10:26  Roach x23  
  194  10:32  Roach x3  
  195  10:44  Roach x2  
  181  10:53  Roach x16  
  181  10:55  Hydralisk x7  
  191  10:58  Extractor  
  191  10:59  Extractor  
  189  11:05  Hydralisk x5  
  189  11:06  Overseer  
  189  11:07  Overseer  
  189  11:08  Overseer  
  199  11:12  Ravager  
  190  11:37  Roach x4  
  190  11:38  Roach x4  
  177  11:45  Roach x12  
  186  11:52  Ravager x2  
  186  11:53  Ravager x5  
  186  11:56  Hydralisk x6  
  200  12:01  Roach  
  200  12:06  Hatchery  
  177  12:20  Roach x4  
  177  12:21  Roach  
  154  12:31  Hydralisk x12  
  154  12:33  Roach x3  
  180  12:42  Roach x5  
  190  12:47  Queen  
  190  12:50  Zerg Ground Armor Level 2  
  192  12:54  Roach x4  
  200  12:59  Overlord  
  200  13:14  Roach x15  
  200  13:19  Hatchery  
  155  13:48  Roach x3  
  155  13:49  Roach x6  
  155  13:54  Roach x6  
  155  13:55  Roach x12  
  173  14:01  Roach  
  173  14:02  Roach x3  
  167  14:11  Roach x3  
  167  14:12  Roach  
  167  14:14  Roach  
  165  14:28  Hydralisk x4  
  165  14:30  Roach x3  
  165  14:31  Roach  
  153  14:35  Roach x2  
  145  14:43  Hydralisk  
  145  14:44  Hydralisk x4  
  153  14:50  Roach x5  
  153  14:52  Roach  
  159  14:53  Roach x2  
  159  15:00  Hydralisk x2  
  159  15:06  Ravager x3  
  159  15:07  Ravager x5  
  163  15:16  Ravager x8  
  163  15:17  Ravager  
  163  15:20  Hydralisk  
  170  15:29  Overseer, Hydralisk x2  
  170  15:30  Hydralisk  
  176  15:40  Roach x5  
  160  16:11  Roach x6  
  160  16:12  Roach x10  
  172  16:33  Roach x7  
  156  16:49  Roach x14  
  156  16:51  Roach  
  178  16:55  Roach  
  178  16:56  Ravager x2  
  178  16:57  Ravager x3  
  185  17:01  Roach  
  185  17:04  Extractor  
  185  17:07  Roach  
  185  17:08  Extractor, Overlord x2  
  171  17:24  Roach x24  
  171  17:26  Roach x5  
  163  17:32  Roach x8  
  163  17:35  Overseer  
  175  17:38  Hydralisk x2  
  175  17:41  Hydralisk  
  181  17:44  Hydralisk  
  181  17:48  Hydralisk  
  181  17:49  Hydralisk  
  187  17:55  Hydralisk x2  
  191  18:00  Hydralisk x2  
  195  18:11  Roach x23  
  195  18:12  Hydralisk x2  
  195  18:16  Overseer x2  
  199  18:28  Hydralisk  
  199  18:33  Roach x18  
  180  18:42  Hydralisk  
  180  18:43  Hydralisk x7  
  192  18:54  Roach x5  
  179  19:07  Roach x3  
  179  19:08  Roach x6  
  173  19:10  Roach x5  
  173  19:11  Roach x3  
  181  19:26  Roach x6  
Tags
 
Add a new tag
Caveats
  • Supply blocks, unpowered buildings, or Contaminate may cause inaccurate times.
  • Supply counts are checked every 10 seconds.